Gulls vs Silver Knights

Created - 13 novembre 2021 at 16:05

Goals
1 2 3 T
Gulls 1 1 2 4
Silver Knights 2 1 2 5
Shots
1 2 3 T
Gulls 11 17 13 41
Silver Knights 13 6 14 33

GoalsPenalties
1st period
1. Silver Knights , Austin Czarnik 5 (Garrett Wilson 2, Tyler Sikura 4) at 4:58 (PP)
2. Gulls , Julien Gauthier 3 (Braydon Coburn 3, Brendan Guhle 5) at 8:44 (PP)
3. Silver Knights , Brett Sutter 1 (Adam Johnson 3, Trevor Daley 4) at 9:09
Brendan Guhle (SAD) for Interference (Minor) at 4:33
Christian Folin (HEN) for Interference (Minor) at 8:08
Garrett Wilson (HEN) for Hooking (Minor) at 18:53
2nd period
4. Silver Knights , Brett Sutter 2 (Adam Johnson 4, Joey Keane 4) at 1:20
5. Gulls , Oliver Wahlstrom 8 (Rasmus Sandin 7, Tage Thompson 3) at 11:43 (PP)
Kristian Vesalainen (SAD) for Hooking (Minor) at 5:18
Simon Benoit (HEN) for Roughing (Minor) at 10:28
3rd period
6. Gulls , Tage Thompson 2 (Tom Kuhnhackl 3, Gustav Lindstrom 3) at 11:31
7. Silver Knights , Anton Wedin 2 (Isaac Ratcliffe 2) at 12:08
8. Silver Knights , Trevor Daley 3 (Adam Johnson 5, Jan Jenik 4) at 13:05
9. Gulls , Tage Thompson 3 (Tom Kuhnhackl 4, Brendan Guhle 6) at 15:53
Taylor Raddysh (SAD) for Slashing (Minor) at 17:52
Goalie Stats
Stuart Skinner (SAD), 28 saves from 33 shots - (0,848), L, 3-5-0, 59:59 minutes
Ivan Prosvetov (HEN), 37 saves from 41 shots - (0,902), W, 1-6-1, 60:00 minutes
3 StarsOfficial
1 - Brett Sutter (HEN)
2 - Tage Thompson (SAD)
3 - Trevor Daley (HEN)
Referees : Mike Hasenfratz and Kendrick Nicholson
Linesman : Mark Wheler and Lonnie Cameron
Game Note
No Game Note
Finance
Level 1 -- Attendance: 1334 (66,70%) -- Ticket Income 46 690 $
Level 2 -- Attendance: 2000 (100,00%) -- Ticket Income 30 000 $
Total Attendance: 3334 (83,35%)
Total Ticket Income: 76 690 $
Other Income: 37 578 $
Total Income: 114 268 $



Team Name Goals Shots Shots Attemp Shots Blocked PIM HIT PP PK FO%
Gulls 4419596332 / 3 (67%)149%
Silver Knights 53377166251 / 3 (33%)251%

Gulls
Player Name POS G A P +/- PIM HIT SHT SB MP PP MP PP SHT PK MP PK SHT FO% FOT
Adam CracknellC0000031119:491:5302:31071% 24
Andrew LaddLW0000031016:351:1000:0000% 0
Braydon CoburnD011-1032423:062:2202:1500% 0
Brendan GuhleD022-1211022:522:2201:5400% 0
Brett MurrayLW000-2071012:410:0000:0000% 2
Ethan ProwD000-1000015:330:0000:2100% 0
Gemel SmithC000-1004010:190:0001:52053% 19
Gustav LindstromD0110010021:341:2802:0800% 0
Julien GauthierRW101-2016014:381:5720:0000% 0
Kristian VesalainenLW/RW000-120609:050:4700:0000% 0
Kristians RubinsD000-1051115:120:0000:0000% 0
Loui ErikssonLW/RW000-2003114:330:0001:52026% 19
Oliver WahlstromRW1010003017:261:5310:0000% 1
Pontus AbergLW/RW000-100208:190:0000:00050% 2
Rasmus SandinD0110012221:421:2822:0800% 0
Tage ThompsonRW2131013017:151:5310:00050% 2
Taylor RaddyshRW0001252017:101:5700:00052% 25
Tom KuhnhacklLW/RW0221023017:450:0002:3100% 2
Silver Knights
Player Name POS G A P +/- PIM HIT SHT SB MP PP MP PP SHT PK MP PK SHT FO% FOT
Adam JohnsonC/LW0331007218:382:3120:000100% 1
Alex AlexeyevD000-1031424:041:4511:5900% 0
Anton WedinLW/RW1011001314:430:0000:0000% 0
Austin CzarnikC/RW1010005024:421:5221:53050% 2
Brayden BurkeC/LW0001003015:390:0000:56061% 18
Brett SutterC2021055018:382:3100:00048% 27
Christian FolinD0001231120:432:3811:2700% 0
Cole CasselsC000000000:000:0000:0000% 0
Connor DewarC000000000:000:0000:0000% 0
Curtis DouglasC000002006:300:0000:00057% 14
Garrett WilsonLW/RW0110230017:191:5201:010100% 1
Isaac RatcliffeLW0111020014:430:0000:000100% 1
Jan JenikRW0111010020:352:3101:57033% 3
Joey KeaneD0112021114:480:0000:0000% 0
Nelson NogierD0002002015:580:0001:1000% 0
Simon BenoitD000-1221223:171:4501:1300% 0
Trevor DaleyD1121001321:082:3801:5100% 0
Tyler SikuraC/LW0110025024:421:5201:53041% 29

Gulls

5 vs 5 Forward
Line #Left WingCenterRight WingPHYDFOFWanted %Time %Time Play
1Andrew LaddAdam CracknellOliver Wahlstrom0233030%15:25
2Tom KuhnhacklTaylor RaddyshTage Thompson0233029%15:14
3Brett MurrayLoui ErikssonJulien Gauthier1222425%12:41
4Kristian VesalainenGemel SmithPontus Aberg1221616%8:19
5 vs 5 Defense
Line #DefenseDefensePHYDFOFWanted %Time %Time Play
1Braydon CoburnBrendan Guhle0413534%17:41
2Rasmus SandinGustav Lindstrom1313335%17:58
3Kristians RubinsEthan Prow0412729%15:12
4Braydon CoburnBrendan Guhle02352%0:48
Power Play Forward
Line #Left WingCenterRight WingPHYDFOFWanted %Time %Time Play
1Tage ThompsonAdam CracknellOliver Wahlstrom0055049%1:53
2Andrew LaddTaylor RaddyshJulien Gauthier1135051%1:57
Power Play Defense
Line #DefenseDefensePHYDFOFWanted %Time %Time Play
1Braydon CoburnBrendan Guhle1135062%2:22
2Rasmus SandinGustav Lindstrom1135038%1:28
Penalty Kill 4 Players Forward
Line #CenterWingPHYDFOFWanted %Time %Time Play
1Adam CracknellTom Kuhnhackl1315057%2:31
2Gemel SmithLoui Eriksson2305043%1:52
Penalty Kill 4 Players Defense
Line #DefenseDefensePHYDFOFWanted %Time %Time Play
1Braydon CoburnBrendan Guhle3205051%2:15
2Rasmus SandinGustav Lindstrom3205049%2:08
Penalty Kill 3 Players
Line #WingPHYDFOFWanted %Time %Time PlayDefenseDefensePHYDFOFWanted %Time %Time Play
1Adam Cracknell131500%0:00 Braydon CoburnBrendan Guhle140500%0:00
2Tom Kuhnhackl140500%0:00 Rasmus SandinGustav Lindstrom140500%0:00
4 vs 4 Forward
Line #CenterWingPHYDFOFWanted %Time %Time Play
1Adam CracknellOliver Wahlstrom122500%0:00
2Taylor RaddyshAndrew Ladd122500%0:00
4 vs 4 Defense
Line #DefensePHYDFOFWanted %Time %Time Play
1Braydon CoburnBrendan Guhle122500%0:00
2Rasmus SandinGustav Lindstrom122500%0:00
Last Minutes Offensive
Left WingCenterRight WingDefenseDefense
Tage ThompsonGemel SmithOliver WahlstromRasmus SandinBrendan Guhle
Last Minutes Defensive
Left WingCenterRight WingDefenseDefense
Tom KuhnhacklAdam CracknellLoui ErikssonBraydon CoburnBrendan Guhle
Time
Total ForwardTotal DefenseLast Minutes OffensiveLast Minutes Defensive
60:00 60:00 0:080:00
Extra Forwards
Normal PowerPlayPenalty Kill
Kristian Vesalainen, Pontus Aberg, Julien GauthierKristian Vesalainen, Pontus AbergJulien Gauthier
Extra Defensemen
Normal PowerPlayPenalty Kill
Kristians Rubins, Ethan Prow, Rasmus SandinKristians Rubins, Ethan ProwRasmus Sandin
Penalty Shots
Oliver Wahlstrom, Tage Thompson, Julien Gauthier, Kristian Vesalainen, Taylor Raddysh
Goalie
Stuart Skinner, Landon Bow
Custom OT Lines Forwards
Adam Cracknell, Andrew Ladd, Oliver Wahlstrom, Taylor Raddysh, Julien Gauthier, Tage Thompson, Tom Kuhnhackl, Loui Eriksson, Brett Murray, Kristian Vesalainen
Custom OT Lines Defensemen
Braydon Coburn, Brendan Guhle, Rasmus Sandin, Gustav Lindstrom, Kristians Rubins
Scratches
Brett Seney (Healthy), Cooper Marody (Healthy), Liam O'Brien (Healthy), Kristian Reichel (Healthy), Josh Dickinson (Suspend) John Quenneville (Healthy), Jalen Chatfield (Healthy), Veini Vehvilainen (Healthy), Michael McNiven (Healthy)

Silver Knights

5 vs 5 Forward
Line #Left WingCenterRight WingPHYDFOFWanted %Time %Time Play
1Garrett WilsonTyler SikuraAustin Czarnik1223028%14:19
2Adam JohnsonBrett SutterJan Jenik1223031%16:07
3Isaac RatcliffeBrayden BurkeAnton Wedin1222428%14:43
4Tyler SikuraCurtis DouglasAustin Czarnik1221613%6:30
5 vs 5 Defense
Line #DefenseDefensePHYDFOFWanted %Time %Time Play
1Alex AlexeyevSimon Benoit1223027%13:56
2Trevor DaleyChristian Folin1223032%16:39
3Joey KeaneNelson Nogier1222429%14:48
4Alex AlexeyevSimon Benoit1221612%6:16
Power Play Forward
Line #Left WingCenterRight WingPHYDFOFWanted %Time %Time Play
1Garrett WilsonTyler SikuraAustin Czarnik1225043%1:52
2Adam JohnsonBrett SutterJan Jenik1225057%2:31
Power Play Defense
Line #DefenseDefensePHYDFOFWanted %Time %Time Play
1Alex AlexeyevSimon Benoit1225040%1:45
2Trevor DaleyChristian Folin1225060%2:38
Penalty Kill 4 Players Forward
Line #CenterWingPHYDFOFWanted %Time %Time Play
1Tyler SikuraAustin Czarnik1225049%1:53
2Jan JenikGarrett Wilson1225051%1:57
Penalty Kill 4 Players Defense
Line #DefenseDefensePHYDFOFWanted %Time %Time Play
1Alex AlexeyevSimon Benoit1225052%1:59
2Trevor DaleyChristian Folin1225048%1:51
Penalty Kill 3 Players
Line #WingPHYDFOFWanted %Time %Time PlayDefenseDefensePHYDFOFWanted %Time %Time Play
1Tyler Sikura122500%0:00 Alex AlexeyevSimon Benoit122500%0:00
2Austin Czarnik122500%0:00 Trevor DaleyChristian Folin122500%0:00
4 vs 4 Forward
Line #CenterWingPHYDFOFWanted %Time %Time Play
1Tyler SikuraAustin Czarnik122500%0:00
2Jan JenikGarrett Wilson122500%0:00
4 vs 4 Defense
Line #DefensePHYDFOFWanted %Time %Time Play
1Alex AlexeyevSimon Benoit122500%0:00
2Trevor DaleyChristian Folin122500%0:00
Last Minutes Offensive
Left WingCenterRight WingDefenseDefense
Garrett WilsonTyler SikuraAustin CzarnikAlex AlexeyevSimon Benoit
Last Minutes Defensive
Left WingCenterRight WingDefenseDefense
Garrett WilsonTyler SikuraAustin CzarnikAlex AlexeyevSimon Benoit
Time
Total ForwardTotal DefenseLast Minutes OffensiveLast Minutes Defensive
60:00 60:00 0:000:08
Extra Forwards
Normal PowerPlayPenalty Kill
Connor Dewar, Cole Cassels, Brayden BurkeConnor Dewar, Cole CasselsBrayden Burke
Extra Defensemen
Normal PowerPlayPenalty Kill
Joey Keane, Nelson Nogier, Trevor DaleyJoey Keane, Nelson NogierTrevor Daley
Penalty Shots
Tyler Sikura, Austin Czarnik, Jan Jenik, Garrett Wilson, Brett Sutter
Goalie
Ivan Prosvetov, Matthew Villalta
Custom OT Lines Forwards
Tyler Sikura, Austin Czarnik, Jan Jenik, Garrett Wilson, Brett Sutter, Adam Johnson, Brayden Burke, Curtis Douglas, Isaac Ratcliffe, Anton Wedin
Custom OT Lines Defensemen
Alex Alexeyev, Simon Benoit, Trevor Daley, Christian Folin, Joey Keane
Scratches
Evan Weinger (Healthy), Kevin Davis (Suspend), John Ludvig (Healthy), Josiah Slavin (Healthy), Mac Hollowell (Healthy) Michael Kesselring (Healthy), Keaton Thompson (Healthy), Ian Scott (Healthy), Jiri Patera (Healthy)


Play-by-Play

1st period


0:01 of 1st period - Adam Cracknell wins face-off versus Tyler Sikura in neutral zone.
0:23 of 1st period - Adam Cracknell is hit by Alex Alexeyev and loses puck.
0:27 of 1st period - Oliver Wahlstrom is hit by Alex Alexeyev and loses puck.
0:56 of 1st period - Shot by Tage Thompson.
0:56 of 1st period - Shot Misses the Net.
0:58 of 1st period - Shot by Taylor Raddysh.
0:58 of 1st period - Shot Blocked by Simon Benoit.
1:02 of 1st period - Shot by Tom Kuhnhackl.
1:02 of 1st period - Shot Misses the Net.
1:08 of 1st period - Shot by Tage Thompson.
1:08 of 1st period - Shot Misses the Net.
1:15 of 1st period - Tom Kuhnhackl is hit by Simon Benoit.
2:04 of 1st period - Jan Jenik is hit by Kristians Rubins and loses puck.
2:09 of 1st period - Shot by Brett Sutter.
2:09 of 1st period - Stopped by Stuart Skinner without a rebound.
2:10 of 1st period - Pontus Aberg wins face-off versus Brayden Burke in Gulls zone.
2:26 of 1st period - Shot by Kristian Vesalainen.
2:26 of 1st period - Stopped by Ivan Prosvetov with a rebound.
2:42 of 1st period - Shot by Brendan Guhle.
2:42 of 1st period - Deflect By Gemel Smith.
2:42 of 1st period - Shot Misses the Net.
3:16 of 1st period - Shot by Jan Jenik.
3:16 of 1st period - Shot Blocked by Adam Cracknell.
3:18 of 1st period - Shot by Adam Johnson.
3:18 of 1st period - Stopped by Stuart Skinner without a rebound.
3:19 of 1st period - Taylor Raddysh wins face-off versus Brett Sutter in Gulls zone.
3:32 of 1st period - Icing by Ethan Prow.
3:33 of 1st period - Taylor Raddysh wins face-off versus Brett Sutter in Gulls zone.
3:57 of 1st period - Shot by Jan Jenik.
3:57 of 1st period - Deflect By Brett Sutter.
3:57 of 1st period - Stopped by Stuart Skinner with a rebound.
4:12 of 1st period - Off-side.
4:13 of 1st period - Brayden Burke wins face-off versus Loui Eriksson in neutral zone.
4:18 of 1st period - Shot by Brayden Burke.
4:18 of 1st period - Stopped by Stuart Skinner without a rebound.
4:19 of 1st period - Curtis Douglas wins face-off versus Loui Eriksson in Gulls zone.
4:20 of 1st period - Shot by Austin Czarnik.
4:20 of 1st period - Shot Misses the Net.
4:22 of 1st period - Shot by Curtis Douglas.
4:22 of 1st period - Shot Misses the Net.
4:33 of 1st period - Minor Penalty to Brendan Guhle for Interference.
4:34 of 1st period - Gemel Smith wins face-off versus Tyler Sikura in Gulls zone.
4:45 of 1st period - Adam Cracknell is hit by Garrett Wilson and loses puck.
4:56 of 1st period - Shot by Garrett Wilson.
4:56 of 1st period - Shot Misses the Net.
4:58 of 1st period - Shot by Austin Czarnik.
4:58 of 1st period - Goal by Austin Czarnik - Gulls : 0 - Silver Knights : 1.
4:59 of 1st period - Isaac Ratcliffe wins face-off versus Loui Eriksson in neutral zone.
5:08 of 1st period - Icing by Joey Keane.
5:09 of 1st period - Adam Cracknell wins face-off versus Brayden Burke in Silver Knights zone.
5:34 of 1st period - Joey Keane is hit by Brendan Guhle and loses puck.
5:41 of 1st period - Shot by Anton Wedin.
5:41 of 1st period - Deflect By Brayden Burke.
5:41 of 1st period - Stopped by Stuart Skinner without a rebound.
5:42 of 1st period - Loui Eriksson wins face-off versus Curtis Douglas in Gulls zone.
5:44 of 1st period - Icing by Julien Gauthier.
5:45 of 1st period - Curtis Douglas wins face-off versus Loui Eriksson in Gulls zone.
5:57 of 1st period - Rasmus Sandin is hit by Alex Alexeyev and loses puck.
6:02 of 1st period - Shot by Rasmus Sandin.
6:02 of 1st period - Shot Misses the Net.
6:17 of 1st period - Shot by Julien Gauthier.
6:17 of 1st period - Deflect By Loui Eriksson.
6:17 of 1st period - Shot Misses the Net.
6:19 of 1st period - Shot by Julien Gauthier.
6:19 of 1st period - Stopped by Ivan Prosvetov without a rebound.
6:20 of 1st period - Gemel Smith wins face-off versus Brett Sutter in Silver Knights zone.
6:30 of 1st period - Gemel Smith is hit by Christian Folin and loses puck.
6:35 of 1st period - Shot by Pontus Aberg.
6:35 of 1st period - Shot Blocked by Adam Johnson.
6:37 of 1st period - Shot by Gemel Smith.
6:37 of 1st period - Stopped by Ivan Prosvetov without a rebound.
6:38 of 1st period - Taylor Raddysh wins face-off versus Brayden Burke in Silver Knights zone.
7:43 of 1st period - Shot by Oliver Wahlstrom.
7:43 of 1st period - Shot Misses the Net.
7:45 of 1st period - Shot by Brendan Guhle.
7:45 of 1st period - Shot Misses the Net.
7:49 of 1st period - Shot by Adam Cracknell.
7:49 of 1st period - Shot Blocked by Simon Benoit.
7:51 of 1st period - Shot by Braydon Coburn.
7:51 of 1st period - Stopped by Ivan Prosvetov without a rebound.
7:52 of 1st period - Gemel Smith wins face-off versus Brett Sutter in Silver Knights zone.
8:08 of 1st period - Minor Penalty to Christian Folin for Interference.
8:09 of 1st period - Taylor Raddysh wins face-off versus Tyler Sikura in Silver Knights zone.
8:12 of 1st period - Shot by Taylor Raddysh.
8:12 of 1st period - Deflect By Andrew Ladd.
8:12 of 1st period - Shot Misses the Net.
8:14 of 1st period - Shot by Brendan Guhle.
8:14 of 1st period - Shot Hit the Post.
8:16 of 1st period - Shot by Julien Gauthier.
8:16 of 1st period - Stopped by Ivan Prosvetov without a rebound.
8:17 of 1st period - Tage Thompson wins face-off versus Jan Jenik in Silver Knights zone.
8:26 of 1st period - Shot by Gustav Lindstrom.
8:26 of 1st period - Shot Misses the Net.
8:28 of 1st period - Shot by Oliver Wahlstrom.
8:28 of 1st period - Deflect By Tage Thompson.
8:28 of 1st period - Stopped by Ivan Prosvetov without a rebound.
8:29 of 1st period - Tyler Sikura wins face-off versus Taylor Raddysh in Silver Knights zone.
8:42 of 1st period - Shot by Braydon Coburn.
8:42 of 1st period - Shot Misses the Net.
8:44 of 1st period - Shot by Julien Gauthier.
8:44 of 1st period - Goal by Julien Gauthier - Gulls : 1 - Silver Knights : 1.
8:45 of 1st period - Curtis Douglas wins face-off versus Gemel Smith in neutral zone.
8:47 of 1st period - Off-side.
8:48 of 1st period - Tyler Sikura wins face-off versus Adam Cracknell in neutral zone.
9:01 of 1st period - Shot by Tyler Sikura.
9:01 of 1st period - Stopped by Stuart Skinner without a rebound.
9:02 of 1st period - Brett Sutter wins face-off versus Brett Murray in Gulls zone.
9:07 of 1st period - Shot by Brett Sutter.
9:07 of 1st period - Shot Blocked by Braydon Coburn.
9:09 of 1st period - Shot by Brett Sutter.
9:09 of 1st period - Goal by Brett Sutter - Gulls : 1 - Silver Knights : 2.
9:10 of 1st period - Tyler Sikura wins face-off versus Taylor Raddysh in neutral zone.
9:24 of 1st period - Austin Czarnik is hit by Taylor Raddysh and loses puck.
9:35 of 1st period - Shot by Tom Kuhnhackl.
9:35 of 1st period - Stopped by Ivan Prosvetov with a rebound.
9:37 of 1st period - Shot by Taylor Raddysh.
9:37 of 1st period - Shot Misses the Net.
10:27 of 1st period - Shot by Adam Cracknell.
10:27 of 1st period - Stopped by Ivan Prosvetov without a rebound.
10:28 of 1st period - Brayden Burke wins face-off versus Loui Eriksson in Silver Knights zone.
10:28 of 1st period - Brayden Burke is hit by Brett Murray.
10:38 of 1st period - Trevor Daley is hit by Brett Murray and loses puck.
10:47 of 1st period - Shot by Julien Gauthier.
10:47 of 1st period - Shot Misses the Net.
11:31 of 1st period - Shot by Jan Jenik.
11:31 of 1st period - Shot Blocked by Kristians Rubins.
11:33 of 1st period - Shot by Joey Keane.
11:33 of 1st period - Shot Misses the Net.
11:35 of 1st period - Shot by Brett Sutter.
11:35 of 1st period - Shot Misses the Net.
11:56 of 1st period - Shot by Brett Sutter.
11:56 of 1st period - Stopped by Stuart Skinner without a rebound.
11:57 of 1st period - Curtis Douglas wins face-off versus Adam Cracknell in Gulls zone.
12:04 of 1st period - Shot by Austin Czarnik.
12:04 of 1st period - Stopped by Stuart Skinner without a rebound.
12:05 of 1st period - Gemel Smith wins face-off versus Curtis Douglas in Gulls zone.
12:23 of 1st period - Austin Czarnik is hit by Braydon Coburn and loses puck.
13:08 of 1st period - Icing by Rasmus Sandin.
13:09 of 1st period - Adam Cracknell wins face-off versus Brett Sutter in Gulls zone.
13:32 of 1st period - Shot by Rasmus Sandin.
13:32 of 1st period - Shot Misses the Net.
14:17 of 1st period - Christian Folin is hit by Kristians Rubins and loses puck.
14:35 of 1st period - Icing by Trevor Daley.
14:36 of 1st period - Brayden Burke wins face-off versus Gemel Smith in Silver Knights zone.
14:45 of 1st period - Shot by Gemel Smith.
14:45 of 1st period - Shot Blocked by Anton Wedin.
14:47 of 1st period - Shot by Brendan Guhle.
14:47 of 1st period - Shot Misses the Net.
14:49 of 1st period - Shot by Gemel Smith.
14:49 of 1st period - Shot Blocked by Christian Folin.
14:57 of 1st period - Braydon Coburn is hit by Isaac Ratcliffe and loses puck.
15:12 of 1st period - Shot by Gemel Smith.
15:12 of 1st period - Stopped by Ivan Prosvetov without a rebound.
15:13 of 1st period - Adam Cracknell wins face-off versus Tyler Sikura in Silver Knights zone.
15:22 of 1st period - Shot by Oliver Wahlstrom.
15:22 of 1st period - Stopped by Ivan Prosvetov without a rebound.
15:23 of 1st period - Brett Sutter wins face-off versus Taylor Raddysh in Silver Knights zone.
15:23 of 1st period - Brett Sutter is hit by Taylor Raddysh.
16:24 of 1st period - Shot by Tyler Sikura.
16:24 of 1st period - Stopped by Stuart Skinner with a rebound.
16:26 of 1st period - Shot by Tyler Sikura.
16:26 of 1st period - Stopped by Stuart Skinner without a rebound.
16:27 of 1st period - Adam Cracknell wins face-off versus Curtis Douglas in Gulls zone.
16:27 of 1st period - Adam Cracknell is hit by Curtis Douglas.
16:47 of 1st period - Shot by Austin Czarnik.
16:47 of 1st period - Shot Misses the Net.
16:49 of 1st period - Shot by Tyler Sikura.
16:49 of 1st period - Deflect By Austin Czarnik.
16:49 of 1st period - Shot Misses the Net.
16:51 of 1st period - Shot by Tyler Sikura.
16:51 of 1st period - Deflect By Austin Czarnik.
16:51 of 1st period - Stopped by Stuart Skinner without a rebound.
16:52 of 1st period - Brayden Burke wins face-off versus Loui Eriksson in Gulls zone.
17:10 of 1st period - Off-side.
17:11 of 1st period - Adam Cracknell wins face-off versus Austin Czarnik in neutral zone.
17:37 of 1st period - Icing by Andrew Ladd.
17:38 of 1st period - Brett Sutter wins face-off versus Adam Cracknell in Gulls zone.
18:32 of 1st period - Icing by Tyler Sikura.
18:33 of 1st period - Tyler Sikura wins face-off versus Loui Eriksson in Silver Knights zone.
18:46 of 1st period - Shot by Garrett Wilson.
18:46 of 1st period - Shot Misses the Net.
18:51 of 1st period - Rasmus Sandin is hit by Garrett Wilson and loses puck.
18:53 of 1st period - Minor Penalty to Garrett Wilson for Hooking.
18:54 of 1st period - Tyler Sikura wins face-off versus Taylor Raddysh in Silver Knights zone.
18:54 of 1st period - Tyler Sikura is hit by Julien Gauthier.
19:01 of 1st period - Icing by Rasmus Sandin.
19:02 of 1st period - Jan Jenik wins face-off versus Taylor Raddysh in Gulls zone.
19:02 of 1st period - Jan Jenik is hit by Gustav Lindstrom.
19:26 of 1st period - Shot by Kristian Vesalainen.
19:26 of 1st period - Shot Misses the Net.
19:32 of 1st period - Shot by Kristian Vesalainen.
19:32 of 1st period - Shot Misses the Net.
19:34 of 1st period - Shot by Rasmus Sandin.
19:34 of 1st period - Shot Misses the Net.
Goals for this period are 1 for Gulls vs 2 for Silver Knights.
Shots for this period are 11 for Gulls vs 13 for Silver Knights.

2nd period


0:01 of 2nd period - Adam Cracknell wins face-off versus Jan Jenik in neutral zone.
0:22 of 2nd period - Shot by Oliver Wahlstrom.
0:22 of 2nd period - Shot Misses the Net.
0:40 of 2nd period - Shot by Brendan Guhle.
0:40 of 2nd period - Shot Blocked by Alex Alexeyev.
1:03 of 2nd period - Icing by Nelson Nogier.
1:04 of 2nd period - Brett Sutter wins face-off versus Loui Eriksson in Silver Knights zone.
1:09 of 2nd period - Julien Gauthier is hit by Brett Sutter and loses puck.
1:20 of 2nd period - Shot by Brett Sutter.
1:20 of 2nd period - Goal by Brett Sutter - Gulls : 1 - Silver Knights : 3.
1:21 of 2nd period - Gemel Smith wins face-off versus Tyler Sikura in neutral zone.
1:36 of 2nd period - Shot by Kristian Vesalainen.
1:36 of 2nd period - Stopped by Ivan Prosvetov with a rebound.
1:38 of 2nd period - Shot by Kristians Rubins.
1:38 of 2nd period - Stopped by Ivan Prosvetov without a rebound.
1:39 of 2nd period - Brayden Burke wins face-off versus Loui Eriksson in Silver Knights zone.
2:08 of 2nd period - Shot by Anton Wedin.
2:08 of 2nd period - Shot Misses the Net.
2:48 of 2nd period - Shot by Alex Alexeyev.
2:48 of 2nd period - Shot Misses the Net.
2:50 of 2nd period - Shot by Simon Benoit.
2:50 of 2nd period - Shot Blocked by Loui Eriksson.
2:54 of 2nd period - Shot by Austin Czarnik.
2:54 of 2nd period - Stopped by Stuart Skinner with a rebound.
2:56 of 2nd period - Shot by Simon Benoit.
2:56 of 2nd period - Stopped by Stuart Skinner without a rebound.
2:57 of 2nd period - Taylor Raddysh wins face-off versus Brett Sutter in Gulls zone.
2:57 of 2nd period - Taylor Raddysh is hit by Brett Sutter.
3:36 of 2nd period - Shot by Tom Kuhnhackl.
3:36 of 2nd period - Deflect By Taylor Raddysh.
3:36 of 2nd period - Stopped by Ivan Prosvetov without a rebound.
3:37 of 2nd period - Tyler Sikura wins face-off versus Oliver Wahlstrom in Silver Knights zone.
4:03 of 2nd period - Shot by Tyler Sikura.
4:03 of 2nd period - Shot Misses the Net.
4:15 of 2nd period - Shot by Andrew Ladd.
4:15 of 2nd period - Shot Misses the Net.
4:17 of 2nd period - Shot by Andrew Ladd.
4:17 of 2nd period - Stopped by Ivan Prosvetov without a rebound.
4:18 of 2nd period - Gemel Smith wins face-off versus Brayden Burke in Silver Knights zone.
4:31 of 2nd period - Shot by Kristian Vesalainen.
4:31 of 2nd period - Shot Misses the Net.
4:33 of 2nd period - Shot by Brendan Guhle.
4:33 of 2nd period - Shot Blocked by Anton Wedin.
4:35 of 2nd period - Shot by Brendan Guhle.
4:35 of 2nd period - Stopped by Ivan Prosvetov with a rebound.
4:37 of 2nd period - Shot by Gemel Smith.
4:37 of 2nd period - Stopped by Ivan Prosvetov without a rebound.
4:38 of 2nd period - Brett Sutter wins face-off versus Tage Thompson in Silver Knights zone.
4:38 of 2nd period - Brett Sutter is hit by Taylor Raddysh.
4:43 of 2nd period - Nelson Nogier is hit by Tom Kuhnhackl and loses puck.
4:47 of 2nd period - Off-side.
4:48 of 2nd period - Curtis Douglas wins face-off versus Gemel Smith in neutral zone.
5:18 of 2nd period - Minor Penalty to Kristian Vesalainen for Hooking.
5:19 of 2nd period - Adam Cracknell wins face-off versus Brett Sutter in Gulls zone.
5:42 of 2nd period - Loui Eriksson is hit by Brett Sutter and loses puck.
5:51 of 2nd period - Shot by Alex Alexeyev.
5:51 of 2nd period - Stopped by Stuart Skinner without a rebound.
5:52 of 2nd period - Adam Cracknell wins face-off versus Tyler Sikura in Gulls zone.
5:52 of 2nd period - Adam Cracknell is hit by Garrett Wilson.
5:59 of 2nd period - Icing by Tyler Sikura.
6:00 of 2nd period - Tyler Sikura wins face-off versus Loui Eriksson in Silver Knights zone.
7:04 of 2nd period - Brendan Guhle is hit by Jan Jenik and loses puck.
7:09 of 2nd period - Shot by Adam Johnson.
7:09 of 2nd period - Stopped by Stuart Skinner with a rebound.
7:27 of 2nd period - Shot by Brett Murray.
7:27 of 2nd period - Stopped by Ivan Prosvetov without a rebound.
7:28 of 2nd period - Brayden Burke wins face-off versus Gemel Smith in Silver Knights zone.
7:57 of 2nd period - Shot by Gemel Smith.
7:57 of 2nd period - Shot Misses the Net.
7:59 of 2nd period - Shot by Kristian Vesalainen.
7:59 of 2nd period - Stopped by Ivan Prosvetov without a rebound.
8:00 of 2nd period - Adam Cracknell wins face-off versus Brett Sutter in Silver Knights zone.
8:13 of 2nd period - Shot by Jan Jenik.
8:13 of 2nd period - Shot Misses the Net.
8:56 of 2nd period - Tyler Sikura is hit by Adam Cracknell.
8:57 of 2nd period - Icing by Tyler Sikura.
8:58 of 2nd period - Tyler Sikura wins face-off versus Taylor Raddysh in Silver Knights zone.
9:18 of 2nd period - Shot by Tom Kuhnhackl.
9:18 of 2nd period - Stopped by Ivan Prosvetov without a rebound.
9:19 of 2nd period - Brayden Burke wins face-off versus Brett Murray in Silver Knights zone.
9:21 of 2nd period - Anton Wedin is hit by Brett Murray and loses puck.
9:36 of 2nd period - Shot by Isaac Ratcliffe.
9:36 of 2nd period - Deflect By Anton Wedin.
9:36 of 2nd period - Shot Misses the Net.
9:38 of 2nd period - Shot by Isaac Ratcliffe.
9:38 of 2nd period - Shot Misses the Net.
9:40 of 2nd period - Shot by Joey Keane.
9:40 of 2nd period - Stopped by Stuart Skinner with a rebound.
9:48 of 2nd period - Shot by Joey Keane.
9:48 of 2nd period - Shot Misses the Net.
9:57 of 2nd period - Isaac Ratcliffe is hit by Kristians Rubins and loses puck.
10:07 of 2nd period - Icing by Kristians Rubins.
10:08 of 2nd period - Loui Eriksson wins face-off versus Tyler Sikura in Gulls zone.
10:10 of 2nd period - Icing by Ethan Prow.
10:11 of 2nd period - Loui Eriksson wins face-off versus Tyler Sikura in Gulls zone.
10:27 of 2nd period - Icing by Simon Benoit.
10:28 of 2nd period - Taylor Raddysh wins face-off versus Tyler Sikura in Silver Knights zone.
10:28 of 2nd period - Minor Penalty to Simon Benoit for Roughing.
10:29 of 2nd period - Adam Cracknell wins face-off versus Tyler Sikura in Silver Knights zone.
10:30 of 2nd period - Shot by Rasmus Sandin.
10:30 of 2nd period - Stopped by Ivan Prosvetov without a rebound.
10:31 of 2nd period - Austin Czarnik wins face-off versus Adam Cracknell in Silver Knights zone.
10:31 of 2nd period - Austin Czarnik is hit by Adam Cracknell.
10:43 of 2nd period - Shot by Rasmus Sandin.
10:43 of 2nd period - Stopped by Ivan Prosvetov without a rebound.
10:44 of 2nd period - Tyler Sikura wins face-off versus Taylor Raddysh in Silver Knights zone.
11:41 of 2nd period - Shot by Rasmus Sandin.
11:41 of 2nd period - Shot Misses the Net.
11:43 of 2nd period - Shot by Oliver Wahlstrom.
11:43 of 2nd period - Goal by Oliver Wahlstrom - Gulls : 2 - Silver Knights : 3.
11:44 of 2nd period - Gemel Smith wins face-off versus Brayden Burke in neutral zone.
11:55 of 2nd period - Shot by Gemel Smith.
11:55 of 2nd period - Shot Misses the Net.
12:05 of 2nd period - Shot by Gemel Smith.
12:05 of 2nd period - Stopped by Ivan Prosvetov without a rebound.
12:06 of 2nd period - Taylor Raddysh wins face-off versus Tyler Sikura in Silver Knights zone.
13:19 of 2nd period - Austin Czarnik is hit by Andrew Ladd.
13:39 of 2nd period - Shot by Adam Johnson.
13:39 of 2nd period - Shot Misses the Net.
14:07 of 2nd period - Adam Johnson is hit by Kristians Rubins and loses puck.
14:14 of 2nd period - Trevor Daley is hit by Brett Murray and loses puck.
14:19 of 2nd period - Shot by Loui Eriksson.
14:19 of 2nd period - Stopped by Ivan Prosvetov with a rebound.
14:21 of 2nd period - Shot by Ethan Prow.
14:21 of 2nd period - Shot Misses the Net.
14:23 of 2nd period - Shot by Julien Gauthier.
14:23 of 2nd period - Shot Misses the Net.
14:25 of 2nd period - Shot by Loui Eriksson.
14:25 of 2nd period - Shot Misses the Net.
14:27 of 2nd period - Shot by Loui Eriksson.
14:27 of 2nd period - Deflect By Julien Gauthier.
14:27 of 2nd period - Stopped by Ivan Prosvetov without a rebound.
14:28 of 2nd period - Brayden Burke wins face-off versus Taylor Raddysh in Silver Knights zone.
14:28 of 2nd period - Brayden Burke is hit by Tage Thompson.
15:36 of 2nd period - Shot by Tyler Sikura.
15:36 of 2nd period - Shot Misses the Net.
15:38 of 2nd period - Shot by Tyler Sikura.
15:38 of 2nd period - Shot Hit the Post.
15:57 of 2nd period - Shot by Adam Johnson.
15:57 of 2nd period - Deflect By Brett Sutter.
15:57 of 2nd period - Shot Misses the Net.
16:13 of 2nd period - Shot by Jan Jenik.
16:13 of 2nd period - Shot Misses the Net.
16:15 of 2nd period - Shot by Brett Sutter.
16:15 of 2nd period - Shot Misses the Net.
16:41 of 2nd period - Isaac Ratcliffe is hit by Andrew Ladd and loses puck.
17:00 of 2nd period - Off-side.
17:01 of 2nd period - Gemel Smith wins face-off versus Tyler Sikura in neutral zone.
17:01 of 2nd period - Gemel Smith is hit by Tyler Sikura.
17:09 of 2nd period - Gemel Smith is hit by Simon Benoit and loses puck.
17:12 of 2nd period - Shot by Rasmus Sandin.
17:12 of 2nd period - Shot Blocked by Alex Alexeyev.
17:14 of 2nd period - Shot by Gustav Lindstrom.
17:14 of 2nd period - Deflect By Kristian Vesalainen.
17:14 of 2nd period - Shot Misses the Net.
17:35 of 2nd period - Shot by Kristian Vesalainen.
17:35 of 2nd period - Stopped by Ivan Prosvetov with a rebound.
17:48 of 2nd period - Austin Czarnik is hit by Taylor Raddysh and loses puck.
18:19 of 2nd period - Shot by Braydon Coburn.
18:19 of 2nd period - Stopped by Ivan Prosvetov without a rebound.
18:20 of 2nd period - Adam Cracknell wins face-off versus Brett Sutter in Silver Knights zone.
18:20 of 2nd period - Oliver Wahlstrom is hit by Christian Folin and loses puck.
18:33 of 2nd period - Jan Jenik is hit by Adam Cracknell and loses puck.
Goals for this period are 1 for Gulls vs 1 for Silver Knights.
Shots for this period are 17 for Gulls vs 6 for Silver Knights.

3rd period


0:01 of 3rd period - Taylor Raddysh wins face-off versus Curtis Douglas in neutral zone.
0:20 of 3rd period - Shot by Austin Czarnik.
0:20 of 3rd period - Shot Blocked by Braydon Coburn.
0:52 of 3rd period - Shot by Adam Johnson.
0:52 of 3rd period - Shot Blocked by Braydon Coburn.
0:54 of 3rd period - Shot by Adam Johnson.
0:54 of 3rd period - Shot Hit the Post.
0:56 of 3rd period - Shot by Brett Sutter.
0:56 of 3rd period - Shot Misses the Net.
1:08 of 3rd period - Shot by Brett Sutter.
1:08 of 3rd period - Shot Misses the Net.
2:49 of 3rd period - Shot by Austin Czarnik.
2:49 of 3rd period - Shot Misses the Net.
2:51 of 3rd period - Shot by Tyler Sikura.
2:51 of 3rd period - Stopped by Stuart Skinner without a rebound.
2:52 of 3rd period - Brett Sutter wins face-off versus Gemel Smith in Gulls zone.
3:09 of 3rd period - Shot by Brett Sutter.
3:09 of 3rd period - Shot Misses the Net.
3:11 of 3rd period - Shot by Adam Johnson.
3:11 of 3rd period - Stopped by Stuart Skinner without a rebound.
3:12 of 3rd period - Curtis Douglas wins face-off versus Loui Eriksson in Gulls zone.
3:13 of 3rd period - Shot by Austin Czarnik.
3:13 of 3rd period - Shot Misses the Net.
3:15 of 3rd period - Shot by Curtis Douglas.
3:15 of 3rd period - Shot Misses the Net.
3:17 of 3rd period - Shot by Nelson Nogier.
3:17 of 3rd period - Stopped by Stuart Skinner without a rebound.
3:18 of 3rd period - Brayden Burke wins face-off versus Loui Eriksson in Gulls zone.
3:18 of 3rd period - Brayden Burke is hit by Kristians Rubins.
3:30 of 3rd period - Shot by Loui Eriksson.
3:30 of 3rd period - Stopped by Ivan Prosvetov without a rebound.
3:31 of 3rd period - Gemel Smith wins face-off versus Tyler Sikura in Silver Knights zone.
3:44 of 3rd period - Shot by Kristian Vesalainen.
3:44 of 3rd period - Shot Misses the Net.
3:56 of 3rd period - Shot by Kristian Vesalainen.
3:56 of 3rd period - Stopped by Ivan Prosvetov without a rebound.
3:57 of 3rd period - Loui Eriksson wins face-off versus Brett Sutter in Silver Knights zone.
4:00 of 3rd period - Shot by Julien Gauthier.
4:00 of 3rd period - Stopped by Ivan Prosvetov with a rebound.
4:02 of 3rd period - Shot by Julien Gauthier.
4:02 of 3rd period - Stopped by Ivan Prosvetov without a rebound.
4:03 of 3rd period - Taylor Raddysh wins face-off versus Brett Sutter in Silver Knights zone.
4:04 of 3rd period - Shot by Tom Kuhnhackl.
4:04 of 3rd period - Stopped by Ivan Prosvetov without a rebound.
4:05 of 3rd period - Taylor Raddysh wins face-off versus Curtis Douglas in Silver Knights zone.
4:32 of 3rd period - Rasmus Sandin is hit by Curtis Douglas and loses puck.
5:00 of 3rd period - Icing by Alex Alexeyev.
5:01 of 3rd period - Curtis Douglas wins face-off versus Adam Cracknell in Silver Knights zone.
5:01 of 3rd period - Curtis Douglas is hit by Andrew Ladd.
5:52 of 3rd period - Icing by Adam Johnson.
5:53 of 3rd period - Brett Sutter wins face-off versus Loui Eriksson in Silver Knights zone.
5:53 of 3rd period - Brett Sutter is hit by Brett Murray.
6:00 of 3rd period - Shot by Loui Eriksson.
6:00 of 3rd period - Stopped by Ivan Prosvetov without a rebound.
6:01 of 3rd period - Brayden Burke wins face-off versus Pontus Aberg in Silver Knights zone.
6:06 of 3rd period - Gemel Smith is hit by Isaac Ratcliffe.
6:20 of 3rd period - Shot by Pontus Aberg.
6:20 of 3rd period - Stopped by Ivan Prosvetov without a rebound.
6:21 of 3rd period - Taylor Raddysh wins face-off versus Brett Sutter in Silver Knights zone.
6:22 of 3rd period - Shot by Tom Kuhnhackl.
6:22 of 3rd period - Shot Misses the Net.
6:30 of 3rd period - Shot by Jan Jenik.
6:30 of 3rd period - Shot Misses the Net.
6:34 of 3rd period - Shot by Adam Johnson.
6:34 of 3rd period - Shot Misses the Net.
6:46 of 3rd period - Shot by Jan Jenik.
6:46 of 3rd period - Shot Misses the Net.
7:00 of 3rd period - Shot by Adam Johnson.
7:00 of 3rd period - Stopped by Stuart Skinner with a rebound.
7:28 of 3rd period - Shot by Garrett Wilson.
7:28 of 3rd period - Shot Misses the Net.
7:51 of 3rd period - Icing by Joey Keane.
7:52 of 3rd period - Tyler Sikura wins face-off versus Loui Eriksson in Silver Knights zone.
8:25 of 3rd period - Shot by Julien Gauthier.
8:25 of 3rd period - Shot Misses the Net.
8:27 of 3rd period - Shot by Julien Gauthier.
8:27 of 3rd period - Shot Misses the Net.
8:29 of 3rd period - Shot by Kristians Rubins.
8:29 of 3rd period - Shot Blocked by Alex Alexeyev.
8:31 of 3rd period - Shot by Loui Eriksson.
8:31 of 3rd period - Shot Blocked by Alex Alexeyev.
8:50 of 3rd period - Shot by Pontus Aberg.
8:50 of 3rd period - Stopped by Ivan Prosvetov without a rebound.
8:51 of 3rd period - Taylor Raddysh wins face-off versus Brett Sutter in Silver Knights zone.
9:16 of 3rd period - Shot by Adam Johnson.
9:16 of 3rd period - Stopped by Stuart Skinner without a rebound.
9:17 of 3rd period - Garrett Wilson wins face-off versus Adam Cracknell in Gulls zone.
9:18 of 3rd period - Shot by Tyler Sikura.
9:18 of 3rd period - Stopped by Stuart Skinner without a rebound.
9:19 of 3rd period - Tyler Sikura wins face-off versus Adam Cracknell in Gulls zone.
9:34 of 3rd period - Off-side.
9:35 of 3rd period - Brett Sutter wins face-off versus Tom Kuhnhackl in neutral zone.
9:49 of 3rd period - Shot by Adam Johnson.
9:49 of 3rd period - Stopped by Stuart Skinner with a rebound.
10:04 of 3rd period - Shot by Tom Kuhnhackl.
10:04 of 3rd period - Shot Misses the Net.
10:06 of 3rd period - Shot by Tom Kuhnhackl.
10:06 of 3rd period - Shot Misses the Net.
10:08 of 3rd period - Shot by Tom Kuhnhackl.
10:08 of 3rd period - Deflect By Tage Thompson.
10:08 of 3rd period - Shot Misses the Net.
10:10 of 3rd period - Shot by Tom Kuhnhackl.
10:10 of 3rd period - Shot Blocked by Adam Johnson.
10:12 of 3rd period - Shot by Taylor Raddysh.
10:12 of 3rd period - Stopped by Ivan Prosvetov without a rebound.
10:13 of 3rd period - Adam Cracknell wins face-off versus Tyler Sikura in Silver Knights zone.
10:13 of 3rd period - Braydon Coburn is hit by Christian Folin and loses puck.
10:39 of 3rd period - Braydon Coburn is hit by Tyler Sikura and loses puck.
10:52 of 3rd period - Shot by Andrew Ladd.
10:52 of 3rd period - Shot Blocked by Trevor Daley.
11:16 of 3rd period - Shot by Brayden Burke.
11:16 of 3rd period - Stopped by Stuart Skinner without a rebound.
11:17 of 3rd period - Taylor Raddysh wins face-off versus Brett Sutter in Gulls zone.
11:17 of 3rd period - Tom Kuhnhackl is hit by Brett Sutter and loses puck.
11:29 of 3rd period - Shot by Tom Kuhnhackl.
11:29 of 3rd period - Deflect By Tage Thompson.
11:29 of 3rd period - Shot Misses the Net.
11:31 of 3rd period - Shot by Tage Thompson.
11:31 of 3rd period - Goal by Tage Thompson - Gulls : 3 - Silver Knights : 3.
11:32 of 3rd period - Brayden Burke wins face-off versus Gemel Smith in neutral zone.
12:08 of 3rd period - Shot by Anton Wedin.
12:08 of 3rd period - Goal by Anton Wedin - Gulls : 3 - Silver Knights : 4.
12:09 of 3rd period - Curtis Douglas wins face-off versus Taylor Raddysh in neutral zone.
13:03 of 3rd period - Shot by Adam Johnson.
13:03 of 3rd period - Shot Misses the Net.
13:05 of 3rd period - Shot by Trevor Daley.
13:05 of 3rd period - Goal by Trevor Daley - Gulls : 3 - Silver Knights : 5.
13:06 of 3rd period - Adam Cracknell wins face-off versus Brayden Burke in neutral zone.
13:26 of 3rd period - Shot by Joey Keane.
13:26 of 3rd period - Shot Blocked by Rasmus Sandin.
13:39 of 3rd period - Shot by Oliver Wahlstrom.
13:39 of 3rd period - Shot Blocked by Joey Keane.
13:41 of 3rd period - Shot by Gustav Lindstrom.
13:41 of 3rd period - Shot Blocked by Anton Wedin.
13:44 of 3rd period - Adam Cracknell is hit by Joey Keane and loses puck.
13:48 of 3rd period - Oliver Wahlstrom is hit by Joey Keane and loses puck.
13:58 of 3rd period - Off-side.
13:59 of 3rd period - Loui Eriksson wins face-off versus Tyler Sikura in neutral zone.
14:14 of 3rd period - Simon Benoit is hit by Brett Murray.
15:06 of 3rd period - Trevor Daley is hit by Brett Murray and loses puck.
15:16 of 3rd period - Icing by Christian Folin.
15:17 of 3rd period - Brett Sutter wins face-off versus Taylor Raddysh in Silver Knights zone.
15:21 of 3rd period - Christian Folin is hit by Braydon Coburn and loses puck.
15:38 of 3rd period - Trevor Daley is hit by Tom Kuhnhackl and loses puck.
15:45 of 3rd period - Shot by Tage Thompson.
15:45 of 3rd period - Deflect By Tom Kuhnhackl.
15:45 of 3rd period - Shot Blocked by Trevor Daley.
15:47 of 3rd period - Shot by Tom Kuhnhackl.
15:47 of 3rd period - Deflect By Tage Thompson.
15:47 of 3rd period - Shot Misses the Net.
15:49 of 3rd period - Shot by Tom Kuhnhackl.
15:49 of 3rd period - Shot Blocked by Trevor Daley.
15:53 of 3rd period - Shot by Tage Thompson.
15:53 of 3rd period - Goal by Tage Thompson - Gulls : 4 - Silver Knights : 5.
15:54 of 3rd period - Adam Cracknell wins face-off versus Tyler Sikura in neutral zone.
15:59 of 3rd period - Shot by Oliver Wahlstrom.
15:59 of 3rd period - Stopped by Ivan Prosvetov without a rebound.
16:00 of 3rd period - Adam Cracknell wins face-off versus Tyler Sikura in Silver Knights zone.
16:12 of 3rd period - Simon Benoit is hit by Rasmus Sandin and loses puck.
16:40 of 3rd period - Icing by Rasmus Sandin.
16:41 of 3rd period - Adam Cracknell wins face-off versus Brayden Burke in Gulls zone.
17:12 of 3rd period - Shot by Brayden Burke.
17:12 of 3rd period - Shot Blocked by Braydon Coburn.
17:14 of 3rd period - Shot by Nelson Nogier.
17:14 of 3rd period - Stopped by Stuart Skinner without a rebound.
17:15 of 3rd period - Brett Sutter wins face-off versus Gemel Smith in Gulls zone.
17:35 of 3rd period - Icing by Pontus Aberg.
17:36 of 3rd period - Gemel Smith wins face-off versus Curtis Douglas in Gulls zone.
17:47 of 3rd period - Shot by Kristian Vesalainen.
17:47 of 3rd period - Stopped by Ivan Prosvetov without a rebound.
17:48 of 3rd period - Brett Sutter wins face-off versus Taylor Raddysh in Silver Knights zone.
17:50 of 3rd period - Icing by Trevor Daley.
17:51 of 3rd period - Brett Sutter wins face-off versus Taylor Raddysh in Silver Knights zone.
17:51 of 3rd period - Jan Jenik is hit by Taylor Raddysh and loses puck.
17:52 of 3rd period - Minor Penalty to Taylor Raddysh for Slashing.
17:53 of 3rd period - Adam Johnson wins face-off versus Gemel Smith in Gulls zone.
17:58 of 3rd period - Shot by Adam Johnson.
17:58 of 3rd period - Shot Misses the Net.
18:02 of 3rd period - Shot by Adam Johnson.
18:02 of 3rd period - Stopped by Stuart Skinner with a rebound.
18:04 of 3rd period - Shot by Adam Johnson.
18:04 of 3rd period - Shot Misses the Net.
18:06 of 3rd period - Shot by Christian Folin.
18:06 of 3rd period - Stopped by Stuart Skinner without a rebound.
18:07 of 3rd period - Tyler Sikura wins face-off versus Tom Kuhnhackl in Gulls zone.
18:07 of 3rd period - Alex Alexeyev is hit by Braydon Coburn and loses puck.
18:22 of 3rd period - Shot by Tyler Sikura.
18:22 of 3rd period - Deflect By Austin Czarnik.
18:22 of 3rd period - Stopped by Stuart Skinner without a rebound.
18:23 of 3rd period - Brett Sutter wins face-off versus Gemel Smith in Gulls zone.
18:24 of 3rd period - Shot by Christian Folin.
18:24 of 3rd period - Shot Blocked by Rasmus Sandin.
19:38 of 3rd period - Loui Eriksson is hit by Brett Sutter and loses puck.
19:59 of 3rd period - Gulls, Stuart Skinner is pulled from the net.
Goals for this period are 2 for Gulls vs 2 for Silver Knights.
Shots for this period are 13 for Gulls vs 14 for Silver Knights.




Output by the SimonT Hockey Simulator (STHS) for Eric Henault - Original Page W3C HTML5 Valid
Hockey Simulator - Hockey Simulation - Hockey Manager